 Dungeon Sprint DCSS version 0.23.2-30-g0e89c35649 (webtiles) character file.

Game seed: 15553211811636030647

296 HASTUR3 the Grappler (level 6, -16/88 HPs)
             Began as a Troll Monk on June 23, 2019.
             Was a Believer of Qazlal.
             Demolished by a merfolk
             ... wielding a +0 trident
              (22 damage)
             ... in the Dungeon (Sprint V: "Ziggurat Sprint").
             The game lasted 00:04:04 (136 turns).

HASTUR3 the Grappler (Troll Monk)                    Turns: 136, Time: 00:04:04

Health: -16/88     AC:  6    Str: 37    XL:     6   Next: 12%
Magic:  5/5        EV:  5    Int:  6    God:    Qazlal [**....]
Gold:   0          SH: 34    Dex: 14    Spells: 5/5 levels left

rFire    . . .     SeeInvis .     - Unarmed
rCold    . . .     Gourm    +   E - +18 shield of the Gong {rElec rN+ MR+ EV-5}
rNeg     + . .     Faith    .   a - +0 robe
rPois    .         Spirit   .   (helmet restricted)
rElec    +         Reflect  .   (no cloak)
rCorr    .         Harm     .   (gloves unavailable)
MR       +....     NoTele   +   (boots unavailable)
Stlth    ..........             (no amulet)
HPRegen  0.64/turn              y - +6 ring of strength
MPRegen  0.09/turn              z - +6 ring of strength

@: berserking, very quick
A: large, unfitting armour, claws 3, fast metabolism 3, gourmand, regeneration
1, shaggy fur 1, tough skin 3
a: Upheaval, Renounce Religion


You were in the Dungeon.
You worshipped Qazlal.
Qazlal was pleased with you.
You were not hungry.

You visited 1 branch

Inventory:

Armour
 a - a +0 robe (worn)
 E - the +18 shield of the Gong (worn) {rElec rN+ MR+ EV-5}
   (You found it in the Dungeon)

   It affects your evasion (-5).
   It insulates you from electricity.
   It protects you from negative energy.
   It affects your resistance to hostile enchantments.
Jewellery
 u - a +6 ring of dexterity
 v - a +6 ring of dexterity
 w - a +6 ring of intelligence
 x - a +6 ring of intelligence
 y - a +6 ring of strength (left claw)
 z - a +6 ring of strength (right claw)
 A - an uncursed ring of flight
 F - the cursed ring of Atwuap {rF- rN++ MR+ EV-3 Str+2 Dex+3}
   (You found it in the Dungeon)

   [ring of evasion]

   It affects your evasion (-3).
   It affects your strength (+2).
   It affects your dexterity (+3).
   It makes you vulnerable to fire.
   It greatly protects you from negative energy.
   It affects your resistance to hostile enchantments.
   It has a curse placed upon it.
Wands
 B - a wand of disintegration (7)
 C - a wand of iceblast (7)
 D - a wand of acid (7)
Scrolls
 h - 4 scrolls of blinking
 o - 4 scrolls of amnesia
 p - 7 scrolls of fog
 q - a scroll of holy word
 r - 5 scrolls of identify
 s - 5 scrolls of remove curse
 t - 2 scrolls of fear
Potions
 c - 10 potions of curing
 d - 10 potions of heal wounds
 e - 6 potions of haste
 f - 7 potions of magic
 g - 2 potions of berserk rage
 i - 2 potions of brilliance
 j - 2 potions of invisibility
 k - 4 potions of resistance
 l - a potion of experience
 m - 5 potions of agility
 n - 5 potions of might
Comestibles
 b - 8 rations


   Skills:
 - Level 2.4 Fighting
 - Level 2.4 Dodging
 - Level 1.0 Stealth
 + Level 7.5 Shields
 + Level 9.6 Unarmed Combat


You had 5 spell levels left.
You didn't know any spells.
Your spell library was empty.

Dungeon Overview and Level Annotations

Branches:
Dungeon (1/1)

Altars:
Ashenzari
Cheibriados
Dithmenos
Elyvilon
Fedhas
Gozag
Hepliaklqana
Kikubaaqudgha
Makhleb
Nemelex Xobeh
Okawaru
Qazlal
Ru
Sif Muna
Trog
Uskayaw
Vehumet
Wu Jian
Xom
Yredelemnul
Zin
The Shining One
Beogh
Jiyva
Lugonu

Annotations:
D 1 transporter


Innate Abilities, Weirdness & Mutations

You are too large for most types of armour.
You have claws for hands.
Your metabolism is lightning-fast.
You like to eat raw meat.
Your natural rate of healing is unusually fast.
You are covered in fur. (AC +1)
You have extremely tough skin. (AC +3)


Message History

Unknown command.
You eviscerate the merfolk!!!
You kill the merfolk!
Qazlal accepts your kill.
Your Shields skill gained 3 levels and is now at level 7!
Your Unarmed Combat skill gained 3 levels and is now at level 9!
You have reached level 5!
You have reached level 6!
Your experience leads to an increase in your attributes!
Your base attributes are Str 19, Int 6, Dex 13.
Increase (S)trength, (I)ntelligence, or (D)exterity?
You feel agile.
You feel stronger. You block the merfolk's attack.
GONNNNG!
You block the merfolk's attack.
GONNNNG!
You closely miss the merfolk. You closely miss the merfolk.
The merfolk hits you with a +0 trident!!
You die...

▓▓▓▓▓▓▓▓▓▓▓▓▓
▓.8©8.▓.8©8.▓
▓."}:.▓.....▓
▓.m...▓.[...▓
▓.)m..▓.....▓
▓.@°..▓.....▓
▓°(...▓..©..▓
▓..©..▓▓▓▓▓▓▓
▓▓▓▓▓▓▓


You could see 2 merfolk.

Vanquished Creatures
  A merfolk (D)
  A phantom (D)
  A bat skeleton (D)
3 creatures vanquished.

Notes
Turn   | Place    | Note
-------+----------+-------------------------------------------
     0 | D        | Found the +6 Majin-Bo {vamp, Archmagi MP+6 Int+6}
     0 | D        | Found the +7 great mace "Firestarter" {inner flame, rF++}
     0 | D        | HASTUR3 the Troll Monk began the quest for the Orb.
     0 | D        | Reached XP level 1. HP: 22/22 MP: 0/0
     0 | D        | Found a deep blue altar of Sif Muna.
     0 | D        | Found a bloodstained altar of Trog.
     0 | D        | Found a sacrificial altar of Ru.
     0 | D        | Found a stormy altar of Qazlal.
     0 | D        | Found an iron altar of Okawaru.
     1 | D        | Found a sparkling altar of Nemelex Xobeh.
     1 | D        | Found a blossoming altar of Fedhas.
     3 | D        | Found a transporter.
     3 | D        | Found an ancient bone altar of Kikubaaqudgha.
     3 | D        | Found a viscous altar of Jiyva.
     3 | D        | Found a corrupted altar of Lugonu.
     3 | D        | Found a hazy altar of Hepliaklqana.
     3 | D        | Found a burning altar of Makhleb.
     3 | D        | Found an opulent altar of Gozag.
    23 | D        | Found the +9 heavy crossbow "Sniper" {velocity, Acc+∞ SInv}
    23 | D        | Found the +10 dark maul {crush}
    23 | D        | Found the +15 Maxwell's patent armour {-Cast -Tele rElec
                  | MR+ rCorr}
    23 | D        | Found the +18 shield of the Gong {rElec rN+ MR+ EV-5}
    23 | D        | Found the cursed +14 obsidian axe {chop, +Fly SInv *Curse}
    25 | D        | Found the +6 shillelagh "Devastator" {shatter}
    25 | D        | Found the +11 plutonium sword {*Contam Stlth-}
    25 | D        | Found the +8 lance "Wyrmbane" {slay drac, rPois rF+ rC+
                  | AC+3}
    25 | D        | Found the +9 sword of Zonguldrok {reap}
    25 | D        | Found the cursed +13 scythe of Curses {drain, *Curse}
    25 | D        | Found the +0 sword of Power
    25 | D        | Found the +7 mace of Variability {chain chaos}
    25 | D        | Found the +7 Singing Sword {slice, sonic wave}
    25 | D        | Found the +7 longbow "Piercer" {penet, EV-2}
    84 | D        | Became a worshipper of Qazlal Stormbringer
    84 | D        | Reached * piety under Qazlal
    84 | D        | Reached ** piety under Qazlal
    95 | D        | Entered arena 2.
    95 | D        | Noticed a phantom
    95 | D        | Found a transporter.
    97 | D        | Reached skill level 1 in Shields
   114 | D        | Killed a phantom
   114 | D        | Reached skill level 6 in Unarmed Combat
   114 | D        | Reached XP level 2. HP: 26/29 MP: 1/1
   114 | D        | Reached XP level 3. HP: 33/36 MP: 2/2
   114 | D        | Reached XP level 4. HP: 40/44 MP: 3/3
   118 | D        | Got the cursed ring of Atwuap {rF- rN++ MR+ EV-3 Str+2
                  | Dex+3}
   124 | D        | Entered arena 3.
   124 | D        | Noticed a merfolk
   124 | D        | Noticed a merfolk
   124 | D        | Noticed a merfolk
   124 | D        | Found a transporter.
   132 | D        | HP: 3/66 [merfolk/+0 trident (4)]
   134 | D        | Killed a merfolk
   134 | D        | Reached skill level 9 in Unarmed Combat
   134 | D        | Reached XP level 5. HP: 4/50 MP: 4/4
   134 | D        | Reached XP level 6. HP: 5/59 MP: 5/5
   136 | D        | Demolished by a merfolk

Skill      XL: |  1  2  3  4 |
---------------+-------------+-----
Shields        | 4 7 |  7.5
Unarmed Combat | 6 9 |  9.6
Fighting       | |  2.4
Dodging        | |  2.4
Stealth        | |  1.0

Action                   |  1- 3 |  4- 6 || total
-------------------------+-------+-------++-------
Melee: Unarmed           |    18 |     9 ||    27
  Use: Potion            |       |     1 ||     1
Armor: Robe              |     2 |       ||     2
Dodge: Dodged            |     1 |       ||     1
Block: Shield            |    15 |    16 ||    31
